 Dungeon Crawl Stone Soup version 0.26.0-45-g9c1d065592 (webtiles) character file.

Game seed: 513819742890430598

1243 teolandon225 the Covert (level 8, -15/36 HPs)
             Began as a Spriggan Enchanter on Jan 31, 2021.
             Was an Initiate of Dithmenos.
             Demolished by a boulder beetle (31 damage)
             ... on level 6 of the Dungeon.
             The game lasted 00:17:53 (8867 turns).

teolandon225 the Covert (Spriggan Enchanter)        Turns: 8867, Time: 00:17:54

Health: -15/36     AC:  3    Str:  4    XL:     8   Next: 25%
Magic:  12/13      EV: 22    Int: 18    God:    Dithmenos [......]
Gold:   276        SH:  0    Dex: 17    Spells: 1/12 levels left

rFire    . . .     SeeInvis +   a - +2 dagger
rCold    . . .     Faith    .   (shield restricted)
rNeg     . . .     Spirit   .   b - +0 robe
rPois    .         Reflect  .   o - +1 hat
rElec    .         Harm     .   (no cloak)
rCorr    .         Rampage  .   (gloves unavailable)
Will     +....                  (boots unavailable)
Stlth    +++++.....             (no amulet)
HPRegen  0.12/turn              (no ring)
MPRegen  0.13/turn              (no ring)

@: very quick
A: very small, unfitting armour, see invisible, speed 3
a: Renounce Religion


You were on level 6 of the Dungeon.
You worshipped Dithmenos.
Dithmenos was noncommittal.
You visited 2 branches of the dungeon, and saw 7 of its levels.
You also visited: Sewer.

You collected 276 gold pieces.

Inventory:

Hand Weapons
 a - a +2 dagger (weapon)
Missiles
 f - 184 stones
Armour
 b - a +0 robe (worn)
 o - a +1 hat (worn)
Jewellery
 i - a +6 ring of intelligence {unknown}
 n - an uncursed amulet of guardian spirit {unknown}
 p - a cursed ring of teleportation {unknown}
 q - an uncursed amulet of guardian spirit {unknown}
 u - a +4 ring of protection {unknown}
Wands
 y - a wand of random effects (14)
Scrolls
 m - a scroll of enchant armour
 v - a scroll of enchant weapon
 w - a scroll of amnesia
 x - a scroll of blinking
 A - a scroll of fear
Potions
 c - 2 potions of mutation
 d - a potion of flight
 e - 8 potions of curing
 g - a potion of heal wounds {unknown}
 h - 2 potions of lignification
 j - 2 potions of brilliance
 k - a potion of haste {unknown}
 l - a potion of invisibility {unknown}
 r - a potion of attraction {unknown}
 s - 2 potions of resistance
 t - a potion of degeneration {unknown}


   Skills:
 - Level 1.1 Short Blades
 + Level 7.0 Dodging
 * Level 10.7 Stealth
 - Level 2.6 Spellcasting
 * Level 8.3 Hexes


You had one spell level left.
You knew the following spells:

 Your Spells              Type           Power        Failure   Level
e - Tukima's Dance        Hex            32%          1%          3
q - Ensorcelled Hibernat  Hex/Ice        34%          4%          2
r - Dazzling Flash        Conj/Hex       34%          9%          3
w - Confusing Touch       Hex            32%          1%          3

Your spell library contained the following spells:

 Spells                   Type           Power        Failure   Level
 Corona                   Hex            35%          1%          1


Dungeon Overview and Level Annotations

Branches:
Dungeon (6/15)             Temple (1/1) D:5           Sewer (visited)

Altars:
Cheibriados
Dithmenos
Elyvilon
Fedhas
Gozag
Hepliaklqana
Kikubaaqudgha
Makhleb
Nemelex Xobeh
Okawaru
Ru
Sif Muna
Uskayaw
Wu Jian
Xom
Yredelemnul
The Shining One

Annotations:
D:6 exclusion: electric eel


Innate Abilities, Weirdness & Mutations

You are very small and have problems with some larger weapons.
You are too small for most types of armour.
You have supernaturally acute eyesight. (SInv)
You cover ground extremely quickly.


Message History

Confirm with . or Enter, or press ? or * to list all spells.
You can't see any susceptible monsters within range! (Use Z to cast anyway.)
The helpless boulder beetle fails to defend itself.
You impale the boulder beetle!!
The boulder beetle is moderately wounded.
The boulder beetle bites you!!
Ouch! That really hurt!
A boulder beetle is nearby!
A boulder beetle is nearby!
A boulder beetle is nearby!
Casting: Ensorcelled Hibernation (safe; 4% risk of failure)
Confirm with . or Enter, or press ? or * to list all spells.
Aiming: Ensorcelled Hibernation (safe; 4% risk of failure)
Press: ? - help, Shift-Dir - straight line, f - you, p - boulder beetle That would be overly suicidal.
Okay, then.
The boulder beetle curls into a ball and begins rolling!
The boulder beetle hits you!!
Ouch! That really hurt!
You die...

#.;≈≈≈.# #.≈≈≈≈.#
#.≈≈≈≈.# #.≈≈≈≈.# ###
#.≈≈≈≈.# #.#.# #..
#.≈≈≈≈.# #.#.# #.#
#.≈≈≈≈.#
#.#.#######.######.≈≈≈≈.#
#.#.........°○B@.#.≈≈≈≈.#
#.#..######°####.#.≈≈≈≈.#
##.#..# #°# #.#.≈≈≈≈.#
....########°# #.#......#
°°°°..°°°°○°.# #.####'###
....#############.###...#
.?..# ................#
....# #.........########
....# #.........#


You could see a boulder beetle.

Vanquished Creatures
  An ice beast (D:6)
  2 phantoms (D:5)
  3 big kobolds (Sewer)
  A bullfrog (D:6)
  A scorpion (D:2)
  2 vampire bats (D:2)
  A howler monkey (D:5)
  An orc priest (D:3)
  3 hounds
  2 orc wizards
  2 worker ants
  A hound skeleton (D:4)
  9 adders
  7 river rats
  A shadow imp (D:5)
  A white imp (D:6)
  2 oozes
  4 worms
  2 dart slugs
  9 leopard geckos
  4 orcs
  3 bat skeletons (D:2)
  4 bat zombies (D:2)
  5 giant cockroaches
  7 goblins
  3 hobgoblins
  3 quokkas
  6 ball pythons
  4 bats
  4 frilled lizards
  17 kobolds
  26 rats
141 creatures vanquished.

Vanquished Creatures (collateral kills)
  2 kobolds (Sewer)
2 creatures vanquished.

Grand Total: 143 creatures vanquished

Notes
Turn   | Place    | Note
-------+----------+-------------------------------------------
     0 | D:1      | teolandon225 the Spriggan Enchanter began the quest for the
                  | Orb.
     0 | D:1      | Reached XP level 1. HP: 9/9 MP: 5/5
   436 | D:1      | Reached XP level 2. HP: 8/13 MP: 4/6
   607 | D:1      | Learned a level 2 spell: Ensorcelled Hibernation
   944 | D:1      | Reached skill level 5 in Stealth
  1513 | D:2      | Reached XP level 3. HP: 16/16 MP: 0/8
  2245 | D:2      | Noticed a scorpion
  2250 | D:2      | Killed a scorpion
  2251 | D:2      | Reached skill level 6 in Stealth
  2251 | D:2      | Reached XP level 4. HP: 21/21 MP: 4/9
  2315 | D:2      | Reached skill level 5 in Hexes
  2551 | D:2      | Found an ancient bone altar of Kikubaaqudgha.
  2606 | D:2      | Reached XP level 5. HP: 21/24 MP: 10/10
  2611 | D:2      | Learned a level 3 spell: Confusing Touch
  2681 | D:2      | Reached skill level 7 in Stealth
  3583 | D:3      | Reached XP level 6. HP: 28/28 MP: 11/11
  4099 | D:4      | Found a glowing drain.
  4117 | D:4      | Reached skill level 5 in Dodging
  4201 | Sewer    | Entered a sewer
  4728 | Sewer    | Reached skill level 8 in Stealth
  5941 | Sewer    | Reached XP level 7. HP: 32/32 MP: 1/12
  6025 | Sewer    | Learned a level 3 spell: Tukima's Dance
  6029 | Sewer    | Learned a level 3 spell: Dazzling Flash
  6342 | Sewer    | Reached skill level 9 in Stealth
  7205 | D:5      | Entered Level 5 of the Dungeon
  7274 | D:5      | Found a staircase to the Ecumenical Temple.
  7300 | Temple   | Entered the Ecumenical Temple
  7305 | Temple   | Became a worshipper of Dithmenos the Shadowed
  7893 | D:5      | Reached skill level 10 in Stealth
  8285 | D:5      | Reached XP level 8. HP: 36/36 MP: 13/13
  8838 | D:6      | Noticed a boulder beetle
  8867 | D:6      | Demolished by a boulder beetle

Illustrated notes

Levels and vault maps discovered:
D:1:      grunt_arrival_lava_bath, layout_basic
D:2:      layout_loops_ring, kennysheep_vampire_church
D:3:      layout_basic
D:4:      layout_cave_pools, portal_sewer_entry_c
D:5:      layout_basic, minmay_temple_entry_wispy
D:6:      layout_basic, nrook_pool_corridor, uniq_maggie
Temple:   nicolae_temple_elliptical

Skill      XL: |  1  2  3  4  5  6  7  8 |
---------------+-------------------------+-----
Hexes          | 4 5 6 8 |  8.3
Stealth        | 5 6 7 8 10 | 10.7
Dodging        | 4 5 6 7 |  7.0
Short Blades   | |  1.1
Spellcasting   | |  2.6

Action                   |  1- 3 |  4- 6 |  7- 9 || total
-------------------------+-------+-------+-------++-------
Melee: Dagger            |    85 |   132 |    64 ||   281
 Cast: Corona            |     4 |       |       ||     4
       Ensorcelled Hiber |    26 |    85 |    40 ||   151
       Confusing Touch   |       |     1 |     3 ||     4
       Tukima's Dance    |       |       |     1 ||     1
  Use: Scroll            |       |    11 |     9 ||    20
       Potion            |       |     1 |     1 ||     2
 Stab: Sleeping          |    22 |    63 |    32 ||   117
       Confused          |       |       |     4 ||     4
Armor: Robe              |     7 |    36 |     5 ||    48
Dodge: Dodged            |    81 |   239 |    51 ||   371
